 Dungeon Crawl Stone Soup version 0.26.0-45-g9c1d065592 (webtiles) character file.

Game seed: 3040887356401302261

1844 hawla the Destroyer (level 8, -2/59 HPs)
             Began as a Yellow Draconian Conjurer on Jan 31, 2021.
             Was an Initiate of Gozag.
             Killed from afar by a steam dragon (14 damage)
             ... with a ball of steam
             ... on level 7 of the Dungeon.
             The game lasted 00:17:02 (7237 turns).

hawla the Destroyer (Yellow Draconian Conjurer)     Turns: 7237, Time: 00:17:03

Health: -2/59      AC:  6    Str: 10    XL:     8   Next: 88%
Magic:  8/19       EV: 12    Int: 21    God:    Gozag
Gold:   221        SH:  0    Dex:  9    Spells: 15/22 levels left

rFire    . . .     SeeInvis .   o - +4 quarterstaff (chaos)
rCold    + . .     Faith    .   (shield currently unavailable)
rNeg     + . .     Spirit   .   (armour unavailable)
rPois    .         Reflect  .   (helmet restricted)
rElec    .         Harm     .   a - scarf {repulsion}
rCorr    +         Rampage  .   (no gloves)
Will     .....                  (no boots)
Stlth    ++........             (no amulet)
HPRegen  0.19/turn              y - ring of protection from cold
MPRegen  0.16/turn              B - ring of positive energy

@: brilliant, lethally poisoned (-2 -> -9), gold aura, very slightly
contaminated, repel missiles
A: spit acid, unfitting armour, cold-blooded, acid resistance, AC +6
a: Breathe Acid, Renounce Religion, Potion Petition, Call Merchant, Bribe Branch


You were on level 7 of the Dungeon.
You worshipped Gozag.
Gozag was aware of your devotion.
You visited 2 branches of the dungeon, and saw 8 of its levels.

You collected 315 gold pieces.
You paid 94 gold pieces to Gozag.

Inventory:

Hand Weapons
 o - a +4 quarterstaff of chaos (weapon)
Missiles
 u - 7 boomerangs (quivered)
Armour
 a - a scarf of repulsion (worn)
Jewellery
 e - an uncursed ring of flight
 v - an uncursed ring of stealth
 y - a ring of protection from cold (left hand)
 B - a ring of positive energy (right hand)
Wands
 d - a wand of flame (9)
 m - a wand of paralysis (4)
 x - a wand of iceblast (7)
Scrolls
 f - a scroll of remove curse
 g - a scroll of fog
 k - 3 scrolls of enchant armour
 C - a scroll of teleportation
Potions
 b - 2 potions of lignification
 c - a potion of resistance
 i - a potion of brilliance
 j - a potion of heal wounds
 l - 2 potions of cancellation {unknown}
 q - a potion of magic
 r - a potion of berserk rage
 t - a potion of attraction {unknown}
 z - 2 potions of curing {unknown}
 A - a potion of flight {unknown}


   Skills:
 + Level 1.0 Fighting
 + Level 0.0 Staves
 + Level 0.0 Throwing
 - Level 1.7 Dodging
 - Level 1.7 Stealth
 + Level 7.5 Spellcasting
 + Level 8.9 Conjurations
 - Level 2.0 Translocations
 + Level 0.1 Evocations


You had 15 spell levels left.
You knew the following spells:

 Your Spells              Type           Power        Failure   Level
a - Magic Dart            Conj           100%         1%          1
b - Searing Ray           Conj           100%         1%          2
c - Iskenderun's Mystic   Conj/Tloc      46%          9%          4

Your spell library contained the following spells:

 Spells                   Type           Power        Failure   Level
 Dazzling Flash           Conj/Hex       80%          4%          3
 Gell's Gravitas          Tloc           12%          11%         3
 Fulminant Prism          Conj/Hex       20%          13%         4
 Confusing Touch          Hex            11%          26%         3
 Petrify                  Tmut/Erth      11%          63%         4
 Metabolic Englaciation   Hex/Ice        5%           93%         5
 Yara's Violent Unravell  Hex/Tmut       5%           93%         5


Dungeon Overview and Level Annotations

Branches:
Dungeon (7/15)             Temple (1/1) D:6

Altars:
Ashenzari
Cheibriados
Elyvilon
Fedhas
Gozag
Hepliaklqana
Kikubaaqudgha
Makhleb
Nemelex Xobeh
Qazlal
Ru
Sif Muna
Trog
Uskayaw
Wu Jian
Xom
Zin
The Shining One

Shops:
D:4 }   D:6 }


Innate Abilities, Weirdness & Mutations

You can spit globs of acid.
Your golden yellow scales are hard. (AC +6)
You cannot fit into any form of body armour.
You are cold-blooded and may be slowed by cold attacks.
You are resistant to acid. (rCorr)


Message History

* * * LOW HITPOINT WARNING * * *
It was a potion of brilliance.
You feel clever all of a sudden.
* * * LOW HITPOINT WARNING * * *
You feel sick.
The sky beast flickers out of sight!
Deactivating autopickup; reactivate with Ctrl-A.
Something hits you but does no damage.
An orc wizard comes into view. It is wielding a +0 dagger.
It was a potion of heal wounds.
You feel much better.
You feel sick.
The orc wizard shouts!
Something hits you but does no damage.
The orc wizard casts a spell.
The orc wizard blinks!
You hear a shout!
You feel sick. Something hits you. Something shocks you.
* * * LOW HITPOINT WARNING * * *
The steam dragon breathes steam at you. The ball of steam hits you!
You die...
Your body crumbles into a pile of gold.

##........# ......
#####......## .......
#..........# .......
.......###...####......
.......#
###..$$.#...##.
.......# #............
..#..... #...ยง$.......
. #...## #....{D....##
...# #....@....... ....
.............##.
.....o......##
...?....:...#
......##?..... $ ......
###..#.. ##.... .####.
.... .#


You could see a steam dragon (catching breath) and an orc wizard.

Vanquished Creatures
  A kobold demonologist (D:6)
  A sky beast (D:5)
  A black bear (D:5)
  2 ogres
  2 centaurs
  3 big kobolds
  A bullfrog (D:5)
  A wyvern skeleton (D:6)
  A scorpion (D:5)
  A howler monkey (D:5)
  2 hounds
  An orc wizard (D:6)
  3 orc priests
  Crazy Yiuf (D:3)
  A centaur skeleton (D:4)
  Natasha (thrice) (D:3)
  3 worker ants
  3 gnolls (D:3)
  8 adders
  A shadow imp (D:5)
  A white imp (D:5)
  2 ufetubi
  An ooze (D:1)
  2 adder skeletons
  A worm (D:3)
  2 dart slugs
  4 leopard geckos
  11 orcs
  5 ball pythons
  8 giant cockroaches
  5 goblins
  8 hobgoblins
  8 jackals (D:5)
  8 kobolds
  2 quokkas
  7 bats
  4 frilled lizards
  A quokka skeleton (D:5)
  8 rats
128 creatures vanquished.

Vanquished Creatures (others)
  An orc wizard (D:7)
1 creature vanquished.

Grand Total: 129 creatures vanquished

Notes
Turn   | Place    | Note
-------+----------+-------------------------------------------
     0 | D:1      | hawla the Draconian Conjurer began the quest for the Orb.
     0 | D:1      | Reached XP level 1. HP: 14/14 MP: 3/3
   216 | D:1      | Reached skill level 1 in Fighting
   216 | D:1      | Reached XP level 2. HP: 23/23 MP: 1/5
   219 | D:1      | Learned a level 2 spell: Searing Ray
  1124 | D:1      | Reached XP level 3. HP: 28/28 MP: 0/6
  1840 | D:2      | Reached XP level 4. HP: 35/35 MP: 3/8
  1912 | D:2      | Learned a level 4 spell: Iskenderun's Mystic Blast
  2058 | D:3      | Noticed Natasha
  2062 | D:3      | Killed Natasha
  2149 | D:3      | Noticed Natasha
  2156 | D:3      | Killed Natasha
  2157 | D:3      | Reached skill level 5 in Conjurations
  2157 | D:3      | Reached skill level 1 in Translocations
  2284 | D:3      | Found a sparkling altar of Nemelex Xobeh.
  2331 | D:3      | Reached XP level 5. HP: 31/40 MP: 1/10
  2574 | D:3      | Noticed Natasha
  2576 | D:3      | Killed Natasha
  2730 | D:3      | Found a white marble altar of Elyvilon.
  2838 | D:3      | Found a runed translucent door.
  2839 | D:3      | Noticed Crazy Yiuf
  3163 | D:3      | Killed Crazy Yiuf
  3332 | D:4      | Reached XP level 6. HP: 46/47 MP: 10/12
  3377 | D:4      | Found a glowing silver altar of Zin.
  3393 | D:4      | Found Nidyekha's Gadget Emporium.
  4195 | D:2      | Found an ornate altar of the Wu Jian Council.
  4195 | D:2      | Found a burning altar of Makhleb.
  4198 | D:2      | Found a hide-covered altar of Uskayaw.
  4338 | D:4      | Reached skill level 6 in Conjurations
  4462 | D:5      | Entered Level 5 of the Dungeon
  4697 | D:5      | Reached skill level 5 in Spellcasting
  4697 | D:5      | Your scales start taking on a golden yellow colour.
  4697 | D:5      | Reached XP level 7. HP: 52/52 MP: 5/14
  4697 | D:5      | Gained mutation: You are resistant to acid. (rCorr) [Yellow
                  | Draconian growth]
  4907 | D:5      | Found a hazy altar of Hepliaklqana.
  5129 | D:5      | Reached skill level 7 in Conjurations
  5795 | D:6      | Noticed a kobold demonologist
  5845 | D:5      | Reached XP level 8. HP: 47/59 MP: 0/17
  6060 | D:6      | Noticed a rust devil
  6066 | D:6      | Killed a kobold demonologist
  6067 | D:6      | Reached skill level 8 in Conjurations
  6313 | D:6      | Found a sacrificial altar of Ru.
  6331 | D:6      | Found Mivvat's Gadget Emporium.
  6377 | D:6      | Found a bloodstained altar of Trog.
  6640 | D:6      | Found a staircase to the Ecumenical Temple.
  6650 | D:6      | Found a shimmering blue altar of Sif Muna.
  6668 | Temple   | Entered the Ecumenical Temple
  6693 | Temple   | Became a worshipper of Gozag Ym Sagoz the Greedy
  7234 | D:7      | HP: 2/59 [sky beast (6)]
  7237 | D:7      | Killed from afar by a steam dragon

Illustrated notes

Levels and vault maps discovered:
D:1:      dpeg_arrival_rooms_a, layout_loops_ring, chequers_avenue
D:2:      layout_rooms, nicolae_overflow_hidden_temple, minmay_pentomino_t4
D:3:      layout_basic, old_standard_altar, lemuel_coloured_pillars_altar,
          uniq_natasha, uniq_crazy_yiuf_cottage
D:4:      minmay_chambers_of_fours, layout_rooms, old_standard_altar,
          serial_shops, nicolae_shop_crystal
D:5:      layout_basic, nzn_hepliaklqana_mist_gate
D:6:      layout_basic, lemuel_doored_altar, lemuel_crystal_altar,
          minmay_temple_entry_arrows, basic_altar, serial_shops, shop
D:7:      layout_cave_pools, chequers_serial_rivers_room_a,
          nicolae_ru_the_path_less_chosen
Temple:   compressed_dpeg_triangle_lava_temple

Skill      XL: |  1  2  3  4  5  6  7  8 |
---------------+-------------------------+-----
Fighting       | 1 |  1.0
Spellcasting   | 3 4 5 6 7 |  7.5
Conjurations   | 5 6 7 8 |  8.9
Translocations | 1 2 |  2.0
Dodging        | |  1.7
Stealth        | |  1.7
Evocations     | |  0.1

Action                   |  1- 3 |  4- 6 |  7- 9 || total
-------------------------+-------+-------+-------++-------
Melee: Unarmed           |    15 |       |       ||    15
       Tailslap          |     5 |     1 |     3 ||     9
       Mace              |     8 |    15 |    27 ||    50
       Quarterstaff      |       |       |     2 ||     2
 Cast: Magic Dart        |    43 |    20 |     7 ||    70
       Searing Ray       |    13 |    31 |    21 ||    65
       Iskenderun's Myst |       |     2 |     8 ||    10
 Abil: Breathe Acid      |       |       |     2 ||     2
  Use: Scroll            |     1 |     7 |     3 ||    11
       Potion            |       |       |     2 ||     2
Armor: Skin              |     9 |    17 |    16 ||    42
Dodge: Dodged            |    28 |    29 |    57 ||   114
